 Dungeon Crawl Stone Soup version 0.19.1-1-g22dce08 (webtiles) character file.

1674 galech the Grappler (level 8, -6/75 HPs)
             Began as a Troll Monk on Jan 17, 2017.
             Was a Believer of Okawaru.
             Mangled by a killer bee (9 damage)
             ... on level 7 of the Dungeon.
             The game lasted 00:11:40 (5556 turns).

galech the Grappler (Troll Monk)                    Turns: 5556, Time: 00:11:40

Health: -6/75      AC:  7    Str: 17 (18) XL:     8   Next: 70%
Magic:  7/7        EV: 12    Int:  6      God:    Okawaru [**....]
Gold:   436        SH:  0    Dex: 13 (14) Spells: 0 memorised, 7 levels left

rFire  . . .     SeeInvis .       - Unarmed
rCold  . . .     Gourm    +     a - +0 robe
rNeg   . . .     Faith    .     (no shield)
rPois  .         Spirit   .     (helmet restricted)
rElec  .         Reflect  .     (no cloak)
rCorr  .         Harm     .     (gloves unavailable)
MR     .....                    (boots unavailable)
Stlth  ++........               (no amulet)
                                (no ring)
                                (no ring)

@: lethally poisoned (-6 -> -6)
A: unfitting armour, claws 3, yellow scales 1, fast metabolism 3, gourmand,
regeneration 1, shaggy fur 1, tough skin 2, weak 1
a: Heroism, Renounce Religion


You were on level 7 of the Dungeon.
You worshipped Okawaru.
Okawaru was pleased with you.
You were full.

You visited 2 branches of the dungeon, and saw 8 of its levels.
You also visited: Ossuary.

You collected 436 gold pieces.

Inventory:

Armour
 a - a +0 robe (worn)
Scrolls
 f - 3 scrolls of teleportation
 g - 5 scrolls of remove curse
 l - 2 scrolls of fog
 m - 2 scrolls of amnesia
 n - a scroll of fear
 o - a scroll of enchant armour {unknown}
 p - a scroll of magic mapping
 q - a scroll of noise {unknown}
 u - a scroll of recharging {unknown}
 v - a scroll of immolation {unknown}
Potions
 c - a potion of brilliance
 i - 2 potions of berserk rage {unknown}
 j - 3 potions of curing {unknown}
 k - a potion of haste {unknown}
 t - 3 potions of flight {unknown}
Comestibles
 b - 5 bread rations
 d - 5 beef jerkies
 r - a slice of pizza
 s - 2 meat rations


   Skills:
 + Level 3.4 Fighting
 + Level 4.7 Dodging
 + Level 3.3 Stealth
 + Level 8.6 Unarmed Combat


You had 7 spell levels left.
You didn't know any spells.

Dungeon Overview and Level Annotations

Branches:
Dungeon (7/15)             Temple (1/1) D:5

Altars:
Ashenzari
Dithmenos
Elyvilon
Fedhas
Gozag
Hepliaklqana
Kikubaaqudgha
Makhleb
Nemelex Xobeh
Okawaru
Qazlal
Ru
Trog
Vehumet
Xom
Yredelemnul
Zin
The Shining One


Innate Abilities, Weirdness & Mutations

You are too large for most types of armour.
You have claws for hands.
Your metabolism is lightning-fast.
You like to eat raw meat.
Your natural rate of healing is unusually fast.
You are covered in fur. (AC +1)
You have very tough skin. (AC +2)
You are partially covered in yellow scales. (AC +2)
You are weak. (Str -2)


Message History

The killer bee stings you.
* * * LOW HITPOINT WARNING * * *
The centaur hits you!
* * * LOW HITPOINT WARNING * * *
The killer bee closely misses you.
You feel sick. The killer bee completely misses you.
The centaur wields an uncursed shortbow.
The centaur shoots an arrow.
The arrow hits you.
* * * LOW HITPOINT WARNING * * *
The killer bee closely misses you.
You see here 2 arrows.
The killer bee completely misses you.
You see here 2 arrows.
You feel sick. The killer bee barely misses you.
You see here an arrow.
The killer bee barely misses you.
You feel sick. The killer bee barely misses you.
You see here an arrow.
The killer bee stings you!
You die...

,,*,,,,,*,$.,,* #.# *,*,* #<
,,**,,,**,....###.### *,*,*##.
,,,*,,,*,,..........# *,,,,,..
,,,**,**,,..).###(#.# ***,**#$
,,,,*,*,,,.#*** #(#.# *,* #.
**,*****,###[,* #(#.# #.###.
,***,,,**#.?..**#c#.# #.....
,,,*,_,*,......##y#.## #####.
,***,,,**#......@(?..# #.
**,**+**,###..#####..###########.
,,,,*,*,,,,#*** #................
,,,**,**,,,,,,* #...............)
,,,*,,,*,,,,,,* #.).......)......
,,**,,,**,,,,,* #................
,,*,,,,,*,,,,,* #########∩#######
,,*,,,,,*,,,,,**** #.#
*****,,,,,***,,,,* ###.###


You could see a centaur and a killer bee.

Vanquished Creatures
  An ice beast (D:5)
  A sky beast (D:7)
  2 ogres
  A centaur (D:7)
  2 phantoms
  A bullfrog (D:6)
  A wyvern skeleton (D:5)
  A killer bee (D:7)
  The ghost of dscm the Cutter, a weakling KoMo (D:4)
  5 hounds
  6 orc priests
  4 orc wizards
  A bullfrog skeleton (D:5)
  3 worker ants
  2 big kobold zombies (Ossuary)
  2 mummies (Ossuary)
  3 gnolls
  11 adders
  2 oozes
  An adder skeleton (D:4)
  2 worms
  2 leopard geckos
  25 orcs
  5 giant cockroaches
  3 gnoll zombies (Ossuary)
  2 goblins
  7 hobgoblins
  2 jackals (D:2)
  3 quokkas
  12 bats
  3 frilled lizards
  4 goblin zombies (Ossuary)
  3 hobgoblin zombies (Ossuary)
  9 kobolds
  2 orc zombies (Ossuary)
  A quokka skeleton (D:4)
  A quokka zombie (D:5)
  4 rats
  A plant (D:3)
142 creatures vanquished.

Notes
Turn   | Place    | Note
-------+----------+-------------------------------------------
     0 | D:1      | galech the Troll Monk began the quest for the Orb.
     0 | D:1      | Reached XP level 1. HP: 22/22 MP: 0/0
   441 | D:1      | Reached XP level 2. HP: 28/29 MP: 1/1
   861 | D:2      | Reached XP level 3. HP: 36/36 MP: 2/2
  1334 | D:3      | Reached XP level 4. HP: 44/44 MP: 3/3
  1447 | D:3      | Reached skill level 4 in Unarmed Combat
  1791 | D:3      | Reached XP level 5. HP: 47/52 MP: 4/4
  2092 | D:3      | Found an ancient bone altar of Kikubaaqudgha.
  2436 | D:4      | Reached skill level 5 in Unarmed Combat
  2436 | D:4      | Reached XP level 6. HP: 58/59 MP: 5/5
  2501 | D:4      | Found a radiant altar of Vehumet.
  2501 | D:4      | Found a hazy altar of Hepliaklqana.
  2630 | D:4      | Found Mymoybaemmus's Armour Emporium.
  2646 | D:4      | Noticed dscm's ghost (weakling KoMo)
  2655 | D:4      | Killed dscm's ghost
  2733 | D:4      | Reached skill level 6 in Unarmed Combat
  2742 | D:4      | HP: 2/59 [orc/mace (4)]
  2750 | D:4      | HP: 2/59 [orc wizard/magic dart (5)]
  2923 | D:4      | Reached XP level 7. HP: 44/66 MP: 6/6
  3491 | D:4      | Reached skill level 7 in Unarmed Combat
  3497 | D:5      | Entered Level 5 of the Dungeon
  3638 | D:5      | Reached XP level 8. HP: 75/75 MP: 7/7
  4225 | D:5      | Found a staircase to the Ecumenical Temple.
  4353 | Temple   | Entered the Ecumenical Temple
  4428 | Temple   | Became a worshipper of Warmaster Okawaru
  4428 | Temple   | Reached * piety under Okawaru
  4428 | Temple   | Reached ** piety under Okawaru
  4796 | D:6      | Reached skill level 8 in Unarmed Combat
  5338 | D:7      | Found a sand-covered staircase.
  5354 | Ossuary  | Entered an ossuary
  5509 | Ossuary  | Gained mutation: You are weak. (Str -2) [mutagenic meat]
  5510 | Ossuary  | Gained mutation: You are partially covered in yellow scales. (AC +2) [mutagenic meat]
  5551 | D:7      | HP: 2/75 [centaur/arrow (4)]
  5556 | D:7      | Mangled by a killer bee

Skill      XL: |  1  2  3  4  5  6  7  8 |
---------------+-------------------------+-----
Dodging        | 3 4 |  4.7
Unarmed Combat | 4 5 6 7 8 |  8.6
Stealth        | 2 3 |  3.3
Fighting       | 3 |  3.4

Action                   |  1- 3 |  4- 6 |  7- 9 || total
-------------------------+-------+-------+-------++-------
Melee: Unarmed           |    89 |   178 |   178 ||   445
       Punch             |     2 |     4 |     9 ||    15
  Use: Scroll            |       |       |     8 ||     8
       Potion            |       |       |     2 ||     2
 Stab: Sleeping          |     2 |     5 |     6 ||    13
  Eat: Chunk             |    14 |    18 |    22 ||    54
Armor: Robe              |    41 |    51 |    41 ||   133
Dodge: Dodged            |    39 |    93 |   116 ||   248
